 Dungeon Crawl Stone Soup version 0.28-b1-25-g9875b3f (webtiles) character file.

Game seed: 4098461724275041013

70 Host24 the Bolt Thrower (level 4, 0/28 HPs)
             Began as a Kobold Hunter on Feb 2, 2022.
             Succumbed to an adder's poison
             ... on level 1 of the Dungeon.
             The game lasted 00:04:29 (2471 turns).

Host24 the Bolt Thrower (Kobold Hunter)             Turns: 2471, Time: 00:04:29

Health: 0/28       AC:  3    Str: 11    XL:     4   Next: 44%
Magic:  4/4        EV: 14    Int: 12    God:
Gold:   70         SH:  0    Dex: 15    Spells: 3/3 levels left

rFire   . . .      SeeInvis .   a - +1 hand crossbow
rCold   . . .      Faith    .   (no shield)
rNeg    . . .      Spirit   .   c - +0 leather armour
rPois   .          Reflect  .   (no helmet)
rElec   .          Harm     .   (no cloak)
rCorr   .          Rampage  .   (no gloves)
Will    .....                   (no boots)
Stlth   +++.......              (no amulet)
HPRegen 0.09/turn               (no ring)
MPRegen 0.09/turn               (no ring)

@: brilliant, lethally poisoned (0 -> -3)
A: small, no large weapons, nightstalker 3
a: no special abilities


You were on level 1 of the Dungeon.
You visited 1 branch of the dungeon, and saw 2 of its levels.

You collected 70 gold pieces.

Inventory:

Hand Weapons
 a - a +1 hand crossbow (weapon)
 b - a +0 short sword
Missiles
 d - 32 bolts (quivered ammo)
 f - 38 stones
 h - 4 datura-tipped darts
Armour
 c - a +0 leather armour (worn)
Wands
 l - a wand of paralysis (6)
Scrolls
 i - a scroll of fog {unknown}
 k - 2 scrolls of identify {unknown}
Potions
 g - a potion of cancellation
 j - a potion of might {unknown}


   Skills:
 - Level 3.0 Fighting
 + Level 5.9 Crossbows
 - Level 3.0 Dodging
 - Level 2.0 Stealth


You had 3 spell levels left.
You didn't know any spells.
Your spell library was empty.

Dungeon Overview and Level Annotations

Branches:
Dungeon (2/15)

Altars:

Annotations:
D:2 Robin


Innate Abilities, Weirdness & Mutations

You are small and have problems with some larger weapons.
You are completely attuned to the shadows.


Message History

The adder barely misses you. The goblin hits you but does no damage.
The adder bites you.
You are poisoned.
The adder poisons you!
Fire: 36 bolts
Press: ? - help, Q - select action, (/) - cycle Shift-Dir - straight line, f/p - adder
Aim: an adder (51% to hit)
You shoot a bolt. The bolt barely misses the adder.
You feel sick. The adder bites you but does no damage. The goblin misses you.
Unknown command.
Fire: 35 bolts
Press: ? - help, Q - select action, (/) - cycle Shift-Dir - straight line, f/p - adder
Aim: an adder (51% to hit)
You shoot a bolt. The bolt misses the adder.
You feel sick. The adder closely misses you. The goblin misses you.
The adder bites you but does no damage.
Fire: 34 bolts
Press: ? - help, Q - select action, (/) - cycle Shift-Dir - straight line, f/p - adder
Aim: an adder (51% to hit)
You shoot a bolt. The bolt hits the adder!
The adder is severely wounded.
You feel sick. The goblin barely misses you. The adder misses you.
Fire: 33 bolts
Press: ? - help, Q - select action, (/) - cycle Shift-Dir - straight line, f/p - adder
Aim: an adder (severely wounded, 51% to hit)
You shoot a bolt. The bolt closely misses the adder.
You feel sick.
You are no longer poisoned.
The adder bites you.
* * * LOW HITPOINT WARNING * * *
You are lethally poisoned!
The adder poisons you! The goblin misses you. The adder closely misses you.
The goblin hits you with a +0 club.
* * * LOW HITPOINT WARNING * * *
It was a potion of cancellation.
You feel magically purged.
* * * LOW HITPOINT WARNING * * *
You feel sick. The adder barely misses you. The goblin barely misses you.
It was a potion of brilliance.
You feel clever all of a sudden.
You die...

##### #...# #######.#.#####
#########....(..#.....#
#......##..........#.## ##
#......##..........#.# #.
#.......g.S..........# #.
#........@..........## #.
#.........###...###.## #.
#.........# #........# #.
#.........###....#.#.## #.
#................#.#..###.
#.........................
######.....###....#.##..###
#..........# #......###.##
#..........# ######## #..#


You could see an adder and a goblin.

Vanquished Creatures
  2 adders (D:2)
  A worm (D:2)
  4 dart slugs
  3 endoplasms (D:2)
  A giant cockroach (D:2)
  5 goblins
  6 hobgoblins
  3 quokkas
  4 ball pythons
  5 bats
  2 frilled lizards (D:1)
  2 kobolds
  2 rats (D:1)
40 creatures vanquished.

Notes
Turn   | Place    | Note
-------+----------+-------------------------------------------
     0 | D:1      | Host24 the Kobold Hunter began the quest for the Orb.
     0 | D:1      | Reached XP level 1. HP: 12/12 MP: 1/1
   231 | D:1      | Reached skill level 5 in Crossbows
   672 | D:1      | Reached XP level 2. HP: 18/18 MP: 2/2
   892 | D:1      | Found a faded altar of an unknown god.
  1142 | D:1      | You fall into a shaft and drop 1 floor!
  1147 | D:2      | Reached XP level 3. HP: 23/23 MP: 3/3
  2187 | D:2      | Reached XP level 4. HP: 11/28 MP: 4/4
  2446 | D:2      | Noticed Robin
  2470 | D:1      | HP: 1/28 [poisoned by an adder]
  2471 | D:1      | Succumbed to an adder's poison

Illustrated notes

Levels and vault maps discovered:
D:1:      sevenhm_arrival_forest_fort_small_4, layout_basic,
          hellmonk_ecumenical_altar_inner_sanctum
D:2:      layout_rooms, serial_forest, infiniplex_forest_lined_3,
          infiniplex_forest_straight_5, infiniplex_forest_diagonal,
          infiniplex_forest_end_2, uniq_crazy_yiuf_cottage, uniq_robin

Skill      XL: |  1  2  3 |
---------------+----------+-----
Crossbows      | 5 |  5.9
Fighting       | 3 |  3.0
Dodging        | 3 |  3.0
Stealth        | 2 |  2.0

Action                   |  1- 3 |  4- 6 || total
-------------------------+-------+-------++-------
Melee: Short sword       |   124 |     6 ||   130
       Punch             |       |     1 ||     1
 Fire: Hand crossbow     |    23 |     8 ||    31
  Use: Potion            |       |     2 ||     2
 Stab: Sleeping          |    14 |     1 ||    15
Armor: Leather armour    |    30 |     8 ||    38
Dodge: Dodged            |   104 |    25 ||   129
